 Dungeon Crawl Stone Soup version 0.28-a0-724-g66f9036eb4 (webtiles) character file.

Game seed: 8251163988535353710

416 bande the Covered (level 6, 0/38 HPs)
             Began as a Gargoyle Fighter on Oct 27, 2021.
             Slain by a gnoll (2 damage)
             ... on level 4 of the Dungeon.
             The game lasted 00:07:14 (5170 turns).

bande the Covered (Gargoyle Fighter)                Turns: 5170, Time: 00:07:15

Health: 0/38       AC: 14    Str: 20    XL:     6   Next: 92%
Magic:  6/6        EV:  7    Int: 13    God:
Gold:   701        SH:  5    Dex: 10    Spells: 5/5 levels left

rFire   . . .      SeeInvis .   j - +1 hand axe (flame)
rCold   + . .      Faith    .   c - +1 buckler
rNeg    + . .      Spirit   .   k - +0 chain mail
rPois   ∞          Reflect  .   (no helmet)
rElec   +          Harm     .   (no cloak)
rCorr   .          Rampage  .   (no gloves)
Will    .....                   (no boots)
Stlth   ..........              (no amulet)
HPRegen 0.12/turn               (no ring)
MPRegen 0.10/turn               (no ring)

@: no status effects
A: sickness immunity, AC +4, negative energy resistance 1, electricity
resistance, torment resistance 1, petrification resistance, clever 2, cold
resistance 1
a: no special abilities


You were on level 4 of the Dungeon.
You visited 1 branch of the dungeon, and saw 4 of its levels.

You collected 701 gold pieces.

Inventory:

Hand Weapons
 a - a +0 war axe
 b - a +0 war axe
 j - a +1 hand axe of flaming (weapon)
Armour
 c - a +1 buckler (worn)
 k - a +0 chain mail (worn)
Wands
 g - a wand of iceblast (13)
Scrolls
 f - a scroll of magic mapping
 h - a scroll of teleportation
 i - a scroll of fear
 l - a scroll of identify
Potions
 d - a potion of flight
 e - a potion of curing


   Skills:
 + Level 4.2 Fighting
 + Level 4.4 Axes
 + Level 5.1 Armour
 + Level 4.4 Shields


You had 5 spell levels left.
You didn't know any spells.
Your spell library was empty.

Dungeon Overview and Level Annotations

Branches:
Dungeon (4/15)
 Temple: D:4-7

Altars:
Gozag
Makhleb
Sif Muna
Zin

Shops:
D:2 *

Annotations:
D:4 3 runed translucent doors, Woods's ghost, amateur DgFE


Innate Abilities, Weirdness & Mutations

You are immune to sickness and miasma.
Your stone body is resilient. (AC +4)
You are immune to poison.
You resist negative energy. (rN+)
You are resistant to electric shocks. (rElec)
You are resistant to unholy torment.
You are immune to petrification.
Your mind is very acute. (Int +4)
Your flesh is cold resistant. (rC+)


Message History

The gnoll hits you from afar with a +1 halberd of flaming!
The gnoll burns you. You block the gnoll's attack.
You block the gnoll shaman's attack.
You hit the gnoll shaman. You burn the gnoll shaman.
You kill the gnoll shaman!
You barely miss the phantom. You hit the gnoll. You burn the gnoll.
You kill the gnoll!
You block the phantom's attack.
The gnoll hits you but does no damage. x2
There is an open door here.
There is an open door here.
There is an open door here.
The phantom hits you but does no damage.
The phantom completely misses you.
You feel better. The gnoll barely misses you. The phantom closely misses you.
The phantom hits you. The gnoll barely misses you.
You hit the phantom but do no damage.
The phantom is lightly damaged.
The gnoll barely misses you. You block the phantom's attack.
The gnoll closely misses you.
The gnoll hits you from afar with a +1 halberd of flaming!
The gnoll burns you.
Unknown command.
You hit the phantom. You burn the phantom.
The phantom is moderately damaged.
You block the gnoll's attack. You block the phantom's attack.
The gnoll barely misses you.
Unknown command.
You hit the phantom. You burn the phantom.
The phantom is moderately damaged.
The phantom barely misses you. The gnoll hits you but does no damage.
The gnoll hits you from afar with a +1 halberd of flaming.
* * * LOW HITPOINT WARNING * * *
The gnoll burns you.
* * * LOW HITPOINT WARNING * * *
The phantom hits you but does no damage.
You block the gnoll's attack.
The gnoll hits you from afar with a +1 halberd of flaming.
* * * LOW HITPOINT WARNING * * *
The gnoll burns you.
You die...

#########.......#######.#.......#
#....#..'.......#.......#.......#
#....#..#.......#.......#.......#
#....#..#.......#.......#.......'
#....#..#.......#.......'.......#
#....'..#.......#.......#.......#
##+###'##.......#.###'###.......#
##..#......##.##...###'####..
#...#......#@.gg....#.... ..
#...'......#.Wg.....'.... .
#.###......#.###.####.....
###......#######.# ######
#......#...#...# #......'...'...#
#......#...#...# #......#...#...#
#......#########


You could see a phantom and 3 gnolls.

Vanquished Creatures
  A jelly (D:4)
  3 hounds (D:4)
  A gnoll shaman (D:4)
  Ijyb (D:3)
  Terence (D:3)
  Natasha (thrice) (D:3)
  2 gnolls
  5 adders
  2 dart slugs
  5 orcs
  3 ball pythons
  8 bats
  8 endoplasms
  5 giant cockroaches
  7 goblins
  6 hobgoblins
  A quokka (D:1)
  A frilled lizard (D:1)
  11 kobolds
  7 rats
81 creatures vanquished.

Notes
Turn   | Place    | Note
-------+----------+-------------------------------------------
     0 | D:1      | bande the Gargoyle Fighter began the quest for the Orb.
     0 | D:1      | Reached XP level 1. HP: 14/14 MP: 1/1
   187 | D:1      | Reached XP level 2. HP: 19/19 MP: 2/2
   596 | D:1      | Reached XP level 3. HP: 23/23 MP: 3/3
  1090 | D:1      | Found a faded altar of an unknown god.
  1325 | D:2      | Identified a scroll of acquirement
  1325 | D:2      | Acquired 596 gold pieces
  1505 | D:2      | Reached XP level 4. HP: 7/29 MP: 4/4
  1762 | D:2      | Found Kougomaw's Assorted Antiques.
  2404 | D:3      | Noticed Terence
  2426 | D:3      | Killed Terence
  2427 | D:3      | Reached XP level 5. HP: 4/33 MP: 5/5
  3137 | D:3      | Reached skill level 4 in Armour
  3194 | D:3      | Noticed Ijyb
  3217 | D:3      | Killed Ijyb
  3420 | D:3      | Found a burning altar of Makhleb.
  3497 | D:3      | Found a glowing silver altar of Zin.
  3507 | D:3      | Noticed Natasha
  3519 | D:3      | Killed Natasha
  3591 | D:3      | Found a shimmering blue altar of Sif Muna.
  3934 | D:3      | Noticed Natasha
  3948 | D:3      | Killed Natasha
  4008 | D:3      | Noticed Natasha
  4018 | D:3      | Killed Natasha
  4019 | D:3      | Reached XP level 6. HP: 17/38 MP: 6/6
  4713 | D:4      | Gained mutation: Your mind is acute. (Int +2) [potion of
                  | mutation]
  4713 | D:4      | Gained mutation: Your flesh is cold resistant. (rC+)
                  | [potion of mutation]
  4713 | D:4      | Gained mutation: Your mind is very acute. (Int +4) [potion
                  | of mutation]
  4869 | D:4      | Reached skill level 5 in Armour
  5113 | D:4      | Found a runed translucent gate.
  5133 | D:4      | Found a runed translucent gate.
  5134 | D:4      | Found a runed translucent gate.
  5135 | D:4      | Found an opulent altar of Gozag.
  5137 | D:4      | Noticed Woods's ghost (amateur DgFE)
  5137 | D:4      | Noticed an orc warrior
  5170 | D:4      | Slain by a gnoll

Illustrated notes

Levels and vault maps discovered:
D:1:      lemuel_arrival_room, layout_loops_corners,
          shapermc_ecumenical_altar_venn
D:2:      layout_basic, serial_shops, shop
D:3:      layout_loops_ring, nicolae_sif_muna_little_library, zin_statuary,
          mainiacjoe_overflow_boulevard, hangedman_glass_teeth, uniq_terence,
          uniq_ijyb, uniq_natasha
D:4:      black_bear_nest_1, layout_gridville, ebering_ghost_gozag,
          kennysheep_potato

Skill      XL: |  1  2  3  4  5  6 |
---------------+-------------------+-----
Axes           | 2 3 4 |  4.4
Shields        | 4 |  4.4
Armour         | 4 5 |  5.1
Fighting       | 4 |  4.2

Action                   |  1- 3 |  4- 6 || total
-------------------------+-------+-------++-------
Melee: War axe           |   124 |    87 ||   211
       Hand axe          |       |   134 ||   134
  Use: Scroll            |     2 |     4 ||     6
       Potion            |       |     8 ||     8
Armor: Scale mail        |    66 |    56 ||   122
       Chain mail        |       |    80 ||    80
Dodge: Dodged            |    79 |   101 ||   180
Block: Buckler           |    24 |    61 ||    85

Table legend: (Time is in decaauts)
 A = Elapsed time spent in this place.
 B = Non-inter-level travel time spent in this place.
 C = Inter-level travel time spent in this place.
 D = Time resting spent in this place.
 E = Time spent auto-exploring this place.
 F = Levels seen in this place.
 G = Mean time per level.
                   A        B        C        D        E       F      G
               +--------+--------+--------+--------+--------+-----+--------+
         Total |   5263 |   5186 |     77 |    933 |   3242 |   4 | 1315.8 |
       Dungeon |   5263 |   5186 |     77 |    933 |   3242 |   4 | 1315.8 |
               +--------+--------+--------+--------+--------+-----+--------+

Top non-repeatable levels by time:
     D:3: 2116 daAuts
     D:1: 1359 daAuts
     D:2: 1105 daAuts
     D:4: 682 daAuts
